 Dungeon Crawl Stone Soup version 0.28.0-53-g5a82cb258f (webtiles) character file.

Game seed: 10409265725774765250

601 Zeld the Ogre Mage (level 7, -7/59 HPs)
             Began as an Ogre Fire Elementalist on May 28, 2022.
             Mangled by an iguana (12 damage)
             ... on level 4 of the Dungeon.
             The game lasted 00:04:31 (5608 turns).

Zeld the Ogre Mage (Ogre Fire Elementalist)         Turns: 5608, Time: 00:04:31

Health: -7/59      AC:  3    Str: 13    XL:     7   Next: 41%
Magic:  1/15       EV:  9    Int: 18    God:
Gold:   238        SH:  0    Dex:  9    Spells: 7/17 levels left

rFire   . . .      SeeInvis .   a - +1 spear (venom)
rCold   . . .      Faith    .   (no shield)
rNeg    . . .      Spirit   .   f - +0 robe
rPois   .          Reflect  .   (helmet restricted)
rElec   .          Harm     .   (no cloak)
rCorr   .          Rampage  .   (gloves unavailable)
Will    .....                   (boots unavailable)
Stlth   +.........              (no amulet)
HPRegen 0.19/turn               (no ring)
MPRegen 0.14/turn               (no ring)

@: no status effects
A: large, unfitting armour, tough skin 1
a: no special abilities


You were on level 4 of the Dungeon.
You visited 1 branch of the dungeon, and saw 4 of its levels.

You collected 238 gold pieces.

Inventory:

Hand Weapons
 a - a +1 spear of venom (weapon)
Armour
 f - a +0 robe (worn)
Scrolls
 c - 3 scrolls of teleportation {unknown}
 d - 3 scrolls of fog {unknown}
 e - 2 scrolls of enchant weapon {unknown}
 g - a scroll of enchant armour {unknown}
 h - a scroll of blinking {unknown}
 i - a scroll of amnesia {unknown}
 j - a scroll of immolation {unknown}
 k - 2 scrolls of identify {unknown}
 l - 2 scrolls of acquirement {unknown}
Potions
 b - 2 potions of might {unknown}
 m - a potion of lignification {unknown}
 n - a potion of ambrosia {unknown}
 o - a potion of attraction {unknown}
 p - a potion of degeneration {unknown}


   Skills:
 - Level 1.7 Dodging
 - Level 1.4 Stealth
 * Level 5.8 Spellcasting
 + Level 3.1 Conjurations
 * Level 5.2 Fire Magic


You had 7 spell levels left.
You knew the following spells:

 Your Spells              Type           Power      Damage    Failure   Level
a - Foxfire               Conj/Fire      80%        2x1d8     2%          1
b - Scorch                Fire           48%        2d7       2%          2
c - Inner Flame           Hex/Fire       14%        N/A       13%         3
d - Flame Wave            Conj/Fire      20%        2d7       22%         4

Your spell library contained the following spells:

 Spells                   Type           Power      Damage    Failure   Level
 Conjure Flame            Conj/Fire      20%        6-21      7%          3
 Sandblast                Erth           10%        2d5       12%         1
 Ensorcelled Hibernation  Hex/Ice        10%        N/A       19%         2
 Passwall                 Tmut/Erth      4%         N/A       19%         2
 Stone Arrow              Conj/Erth      20%        3d8       19%         3
 Spider Form              Tmut/Pois      5%         N/A       36%         3
 Anguish                  Hex/Necr       2%         N/A       77%         4


Dungeon Overview and Level Annotations

Branches:
Dungeon (4/15)
 Temple: D:4-7

Altars:

Annotations:
D:4 Pikel


Innate Abilities, Weirdness & Mutations

You are too large for most types of armour.
You have tough skin. (AC +1)


Message History

There is an open door here.
You feel sick.
The iguana is no longer more vulnerable to fire.
You barely miss the adder.
You feel sick. The adder barely misses you. The adder bites you.
You hit the adder.
The adder is poisoned.
The adder is moderately wounded.
You feel sick.
You are no longer poisoned.
The adder bites you.
* * * LOW HITPOINT WARNING * * *
You miss the adder.
The adder is moderately wounded.
The adder barely misses you.
You hit the adder.
The adder is heavily wounded.
The adder bites you but does no damage. The adder barely misses you.
You hit the adder.
You kill the adder!
Casting: Scorch (safe; 2% risk of failure)
Confirm with . or Enter, or press ? or * to list all spells.
You don't have enough magic to cast this spell.
Casting: Scorch (safe; 2% risk of failure)
Confirm with . or Enter, or press ? or * to list all spells.
You conjure some foxfire!
The iguana barely misses you.
The foxfire hits the iguana but does no damage.
The iguana is severely wounded.
The foxfire hits the iguana.
The iguana is almost dead.
The iguana bites you!
* * * LOW HITPOINT WARNING * * *
There is an open door, spattered with blood here.
You closely miss the iguana.
The iguana is almost dead.
The iguana barely misses you.
Unknown command.
You hit the iguana but do no damage.
The iguana is poisoned.
The iguana is almost dead.
The iguana bites you!
You die...

#... #...
#...######
#........#.....##
#.....:..#..>.....
#........#........
#........#........
#...##...#........
#...###@##........
#....#..l#........
#....'...'.)......
#....#...#........
#...##...#).......
#.>.##...#.....#+#
#....#...#.....#
#....#...#.....#
#....#...#.....#


You could see an iguana (very poisoned).

Vanquished Creatures
  A necrophage (D:4)
  A lemure (D:3)
  3 hounds (D:4)
  An iguana (D:4)
  Terence (D:2)
  18 gnolls
  5 adders
  3 worms
  2 dart slugs
  20 orcs
  2 ball pythons
  7 endoplasms
  4 giant cockroaches
  7 goblins
  8 hobgoblins
  21 jackals
  7 kobolds
  3 quokkas
  5 bats
  3 frilled lizards
  A jackal skeleton (D:4)
  4 rats
127 creatures vanquished.

Vanquished Creatures (others)
  47 foxfires
  2 plants (D:4)
49 creatures vanquished.

Grand Total: 176 creatures vanquished

Notes
Turn   | Place    | Note
-------+----------+-------------------------------------------
     0 | D:1      | Zeld the Ogre Fire Elementalist began the quest for the
                  | Orb.
     0 | D:1      | Reached XP level 1. HP: 16/16 MP: 3/3
    89 | D:1      | Reached skill level 1 in Conjurations
   220 | D:1      | Reached XP level 2. HP: 24/24 MP: 2/5
   558 | D:1      | Learned a level 2 spell: Scorch
   956 | D:1      | Found a faded altar of an unknown god.
   975 | D:1      | Reached XP level 3. HP: 9/31 MP: 0/7
  1774 | D:2      | Reached XP level 4. HP: 39/39 MP: 3/9
  1936 | D:2      | Noticed Terence
  1945 | D:2      | Killed Terence
  2460 | D:2      | Reached XP level 5. HP: 44/45 MP: 3/11
  3010 | D:2      | Learned a level 3 spell: Inner Flame
  3015 | D:2      | Learned a level 4 spell: Flame Wave
  3931 | D:4      | Reached XP level 6. HP: 15/53 MP: 3/13
  4447 | D:4      | Noticed a necrophage
  4454 | D:4      | Killed a necrophage
  4455 | D:4      | Reached skill level 5 in Spellcasting
  4566 | D:4      | Reached XP level 7. HP: 59/59 MP: 5/15
  4700 | D:4      | Reached skill level 5 in Fire Magic
  5351 | D:4      | Noticed Pikel
  5608 | D:4      | Mangled by an iguana

Illustrated notes

Levels and vault maps discovered:
D:1:      dpeg_arrival_yet_another_circle, layout_basic,
          hellmonk_ecumenical_altar_dog_temple, minmay_distorted
D:2:      layout_loops_corners, minmay_splitting_lines, minivault_27,
          minmay_misc_feat_tiny, st_stairs_10, uniq_terence
D:3:      layout_rooms
D:4:      lemuel_castle_with_subvaults [lemuel_castle_interior_carwin_1],
          layout_gridville, minmay_puff, uniq_pikel

Skill      XL: |  1  2  3  4  5  6  7 |
---------------+----------------------+-----
Conjurations   | 1 2 3 |  3.1
Fire Magic     | 3 4 5 |  5.2
Spellcasting   | 3 4 5 |  5.8
Dodging        | |  1.7
Stealth        | |  1.4

Action                   |  1- 3 |  4- 6 |  7- 9 || total
-------------------------+-------+-------+-------++-------
Melee: Unarmed           |    16 |       |       ||    16
       Spear             |       |    78 |    26 ||   104
       Whip              |       |     5 |       ||     5
       Hand axe          |       |     4 |       ||     4
 Cast: Foxfire           |    31 |     3 |     1 ||    35
       Scorch            |    16 |    76 |    49 ||   141
Armor: Robe              |    16 |    28 |     8 ||    52
Dodge: Dodged            |    20 |    62 |    23 ||   105
